Unix NetHack Version 5.0.0-0 post-release - last build Jun 10 2026 00:39:30 (3ee93aec679c4c4259841fe613dc97188e26a321,branch:main).

Game began 2026-06-21 12:36:29, ended 2026-06-21 12:50:28.

LDaviesPeters, neutral female human Archeologist

                                                              ------------
                                           --------           -.%..^.....|
                                           |*.....|           |....>.....|
                                           |.......###########-..........|
                                           |....{.|           ------.-----
                                           |<.....|                 ###
                                           -----+--                   #
                                                                      #
                                                                      #####
                                                                          #
                                                                          #
                                                                          #
                                                               -----------@---
                                                               |.....)...@ddd|
                                                               |(/[]%!!...[.d|
                                                               |(!.%/)?)....d|
                                                               ---------------

LDaviesPeters the Field Worker  St:10 Dx:8 Co:16 In:13 Wi:17 Ch:11  Neutral
Dlvl:3  $:0  HP:0(28) Pw:13(13) AC:8  Xp:3 T:1186  Hungry  

Latest messages:
 You miss the werejackal.
 The jackal bites!
 The werejackal hits!
 You lash the werejackal.
 The jackal bites!
 The werejackal changes into a jackal.
 The werejackal bites!
 Are you sure you want to pray? [yn] (n) y
 You begin praying to Camaxtli.
 You are surrounded by a shimmering light.
 The jackal starts to attack you, but pulls back.
 The werejackal starts to attack you, but pulls back.
 The jackal starts to attack you, but pulls back.
 The werejackal starts to attack you, but pulls back.
 The jackal starts to attack you, but pulls back.
 The werejackal starts to attack you, but pulls back.
 You finish your prayer.
 You feel that Camaxtli is well-pleased.
 You feel much better.
 You miss the werejackal.
 The jackal bites!
 The werejackal changes into a human.
 The werejackal hits!
 You are beginning to feel hungry.
 You lash the werejackal.
 The jackal misses!
 The werejackal hits!
 The werejackal changes into a jackal.
 You lash the werejackal.
 The jackal misses!
 The werejackal bites!
 You feel feverish.
 You miss the werejackal.
 The jackal bites!
 The werejackal bites!
 You lash the werejackal.
 The jackal just misses!
 The werejackal bites!
 You lash the werejackal.
 The jackal bites!
 The werejackal bites!
 You miss the werejackal.
 The jackal bites!
 The werejackal bites!
 You lash the werejackal.
 The jackal bites!
 The werejackal bites!
 You die...
 Annootok gratefully inherits all your possessions.
 Do you want to see what you had when you died? [ynq] (y) q

Inventory:
 Weapons  (')')
  a - a +2 bullwhip (weapon in right hand)
 Armor    ('[')
  c - an uncursed +0 fedora (being worn)
  r - an uncursed +0 pair of gauntlets of dexterity (being worn)
  h - an uncursed +0 leather jacket (being worn)
 Comestibles  ('%')
  m - 2 uncursed slime molds
  t - an uncursed banana
  d - 3 uncursed food rations
  y - 2 uncursed fortune cookies
 Scrolls  ('?')
  p - an uncursed scroll of confuse monster
 Potions  ('!')
  w - an uncursed potion of see invisible
 Rings    ('=')
  n - an uncursed ring of teleportation
 Wands    ('/')
  i - a wand of stasis (0:3)
 Tools    ('(')
  b - an uncursed sack containing 4 items
  f - a tinning kit (0:37)
 Gems/Stones  ('*')
  g - an uncursed touchstone

Contents of the sack:
  18 gold pieces
  a blessed scroll of enchant armor
  an uncursed potion of gain energy
  a +0 pick-axe

LDaviesPeters the Archeologist's attributes:

Background:
 You were a Field Worker, a level 3 female human Archeologist.
 You were neutral, on a mission for Camaxtli
 who was opposed by Quetzalcoatl (lawful) and Huhetotl (chaotic).
 You were right-handed.
 You were in the Dungeons of Doom, on level 3.
 You entered the dungeon 1186 turns ago.
 You had 53 experience points, 27 more were needed to attain level 4.

Basics:
 You had 0 out of 28 hit points.
 You had all 13 energy points (spell power).
 Your armor class was 8.
 Your wallet was empty, but
 you had 18 zorkmids stashed away in your pack.
 Autopickup was off.

Final Characteristics:
 Your strength was 10 (limit:18/100).
 Your dexterity was 8 (limit:18).
 Your constitution was 16 (limit:18).
 Your intelligence was 13 (limit:18).
 Your wisdom was 17 (limit:18).
 Your charisma was 11 (limit:18).

Final Status:
 You were hungry.
 You were unencumbered.
 You were wielding a whip.
 You had basic skill with whip.

Final Attributes:
 You were devoutly aligned.
 You were level-drain resistant.
 You had automatic searching.
 You were a werejackal.
 You were harmed by silver.
 You were lucky.
 You are dead.

Miscellaneous:
 You didn't encounter any bones levels.
 Total elapsed playing time was 13 minutes and 58 seconds.

Major events:
 Turn
    1: LDaviesPeters the neutral female human Archeologist entered the dungeon
  712: entered the Gnomish Mines
  718: attained the rank of Field Worker (level 3)
 1186: killed by a werejackal

You didn't know any spells.

Skills:
 Fighting Skills
   bare handed combat [Unskilled]
   two weapon combat  [Unskilled]
   riding             [Unskilled]
 Weapon Skills
   dagger             [Unskilled]
   knife              [Unskilled]
   pick-axe           [Basic]
   short sword        [Unskilled]
   saber              [Unskilled]
   club               [Unskilled]
   quarterstaff       [Unskilled]
   sling              [Unskilled]
   dart               [Unskilled]
   boomerang          [Unskilled]
   whip               [Basic]
   unicorn horn       [Unskilled]
 Spellcasting Skills
   attack spells      [Unskilled]
   healing spells     [Unskilled]
   divination spells  [Unskilled]
   matter spells      [Unskilled]

Voluntary challenges:
 Character rerolling was not enabled.
 You never genocided any monsters.
 You never polymorphed an object.
 You never changed form.
 You used no wishes.
Achievements:
 You entered the Gnomish Mines.
 You attained the rank of Field Worker.
 You entered a shop.

 The Dungeons of Doom: levels 1 to 3
    Level 1:
       A fountain.
    Level 2:
    Level 3: <- You were here.
       A general store, a fountain.
       Stairs down to The Gnomish Mines.
       Final resting place for
          you, killed by a werejackal.
 The Gnomish Mines:
    Level 4:


Vanquished creatures:
  a dwarf zombie
 an iguana
  2 acid blobs
  2 gnomes
  2 gnome zombies
  3 jackals
  a fox
  2 kobolds
  2 sewer rats
  a grid bug
  4 lichens
  a kobold zombie
  a newt
23 creatures vanquished.

No species were genocided or became extinct.

Game over:
                       ----------
                      /          \
                     /    REST    \
                    /      IN      \
                   /     PEACE      \
                  /                  \
                  |  LDaviesPeters   |
                  |      18 Au       |
                  |   killed by a    |
                  |    werejackal    |
                  |                  |
                  |                  |
                  |       2026       |
                 *|     *  *  *      | *
        _________)/\\_//(\/(/\)/\//\/|_)_______

Goodbye LDaviesPeters the Archeologist...

You died in The Dungeons of Doom on dungeon level 3 with 379 points,
and 18 pieces of gold, after 1186 moves.
You were level 3 with a maximum of 28 hit points when you died.

